 Dungeon Crawl Stone Soup version 0.25-a0-505-gae4569222e (webtiles) character file.

Game seed: 17396815758504040587, levelgen mode: deterministic

38628 FrozenTrovador the Brawler (level 13, -5/118 HPs)
             Began as a Minotaur Fighter on Feb 11, 2020.
             Was a High Priest of Wu Jian.
             Killed from afar by a wight (17 damage)
             ... with an exploding inner flame
             ... hexed by the player character
             ... on level 15 of the Dungeon on Feb 14, 2020.
             The game lasted 01:09:06 (16080 turns).

FrozenTrovador the Brawler (Minotaur Fighter)      Turns: 16080, Time: 01:09:07

Health: -5/118     AC: 18    Str: 26    XL:     13   Next: 64%
Magic:  0/12       EV:  7    Int:  9    God:    Wu Jian [*****.]
Gold:   736        SH: 14    Dex: 10    Spells: 12/12 levels left

rFire    . . .     SeeInvis .     - Unarmed
rCold    . . .     Gourm    .   b - +0 kite shield
rNeg     . . .     Faith    .   T - +0 plate armour
rPois    +         Spirit   +   (helmet restricted)
rElec    .         Reflect  .   (no cloak)
rCorr    .         Harm     .   (no gloves)
MR       +....     Rnd*Rage +   G - +2 pair of boots
Stlth    ..........             E - amulet of Naczezi {Spirit Int+4 Slay+2}
HPRegen  0.29/turn              e - +2 ring of slaying
MPRegen  0.13/turn              n - ring of poison resistance

@: glowing, drained, heavenly storm
A: retaliatory headbutt, hooves 1, horns 2, berserk 1, magic resistance 1
a: Wall Jump, Serpent's Lash, Heavenly Storm, Renounce Religion


You were on level 15 of the Dungeon.
You worshipped Wu Jian.
Wu Jian was extremely pleased with you.
You were not hungry.

You visited 2 branches of the dungeon, and saw 16 of its levels.
You also visited: Ossuary.

You collected 953 gold pieces.
You spent 217 gold pieces at shops.

Inventory:

Missiles
 f - 89 poisoned darts
 l - 8 atropa-tipped darts
 o - 2 curare-tipped darts (quivered)
Armour
 a - a +0 scale mail
 b - a +0 kite shield (worn)
 t - a +0 chain mail
 y - a +0 pair of boots
 z - a +0 troll leather armour
 G - a +2 pair of boots (worn)
 T - a +0 plate armour (worn)
Jewellery
 e - a +2 ring of slaying (left hand)
 h - an uncursed ring of resist corrosion
 n - a ring of poison resistance (right hand)
 s - an uncursed amulet of the gourmand
 u - an uncursed ring of ice
 E - the amulet of Naczezi (around neck) {Spirit Int+4 Slay+2}
   (You found it on level 7 of the Dungeon)

   [amulet of guardian spirit]

   It causes incoming damage to be split between your health and magic.
   It affects your intelligence (+4).
   It affects your accuracy and damage with ranged weapons and melee attacks
   (+2).
 N - an uncursed amulet of rage
 O - an uncursed ring of protection from fire
 P - a +3 amulet of reflection
Wands
 H - a wand of disintegration (16)
 J - a wand of polymorph (25)
 K - a wand of enslavement (7)
 M - a wand of digging (4)
Scrolls
 i - 8 scrolls of remove curse
 j - 3 scrolls of fog
 k - 9 scrolls of teleportation
 m - 5 scrolls of enchant weapon
 p - 2 scrolls of fear
 r - a scroll of immolation
 F - 4 scrolls of identify
 L - a scroll of torment {unknown}
 Q - a scroll of silence {unknown}
 S - a scroll of holy word {unknown}
 V - a scroll of summoning {unknown}
Potions
 c - a potion of mutation
 q - 3 potions of ambrosia
 v - 2 potions of brilliance
 w - 5 potions of heal wounds
 x - 2 potions of haste
 A - a potion of flight {unknown}
 B - 2 potions of lignification {unknown}
 C - a potion of resistance {unknown}
 D - 4 potions of agility
 I - a potion of berserk rage
 R - a potion of might
Comestibles
 d - 22 rations
 g - 5 chunks of flesh


   Skills:
 * Level 12.1(11.3) Fighting
 - Level 1.2(0.5) Throwing
 + Level 11.2(10.3) Armour
 - Level 1.3(0.6) Dodging
 + Level 1.8(1.1) Stealth
 * Level 15.3(14.4) Shields
 + Level 15.3(14.4) Unarmed Combat


You had 12 spell levels left.
You didn't know any spells.
Your spell library contained the following spells:

 Spells                   Type           Power        Failure   Level  Hunger
 Magic Dart               Conj           #...         99%         1    ##.....
 Searing Ray              Conj           #.....       99%         2    ###....
 Dazzling Flash           Conj/Hex       #.....       100%        3    ####...
 Fulminant Prism          Conj/Hex       #.........   100%        4    #####..
 Iskenderun's Mystic Bla  Conj/Tloc      #.......     100%        4    #####..


Dungeon Overview and Level Annotations

Branches:
Dungeon (15/15)            Temple (1/1) D:5            Lair (0/6) D:8
    Orc (0/2) D:11         Vaults (0/5) D:14        Ossuary (visited)
 Depths: D:15

Altars:
Ashenzari
Cheibriados
Dithmenos
Elyvilon
Fedhas
Gozag
Hepliaklqana
Kikubaaqudgha
Makhleb
Nemelex Xobeh
Okawaru
Qazlal
Ru
Sif Muna
Trog
Uskayaw
Vehumet
Wu Jian
Xom
Yredelemnul
Zin
The Shining One

Shops:
D:6 *   D:8 [   D:10 (

Annotations:
D:5 2 transporters, Gruesome's ghost, novice OpAs
D:7 2 transporters, Linuka's ghost, novice OpAs


Innate Abilities, Weirdness & Mutations

You reflexively headbutt those who attack you in melee.
You have a pair of horns on your head.
You have large cloven feet.
You tend to lose your temper in combat.
You are resistant to hostile enchantments. (MR+)


Message History

You block the wight's attack. The wight closely misses you.
You furiously retaliate!
You headbutt the wight!
The deep elf mage hits you but does no damage.
You feel drained.
The ettin hits you with a +0 dire flail!!
* * * LOW HITPOINT WARNING * * *
You block the ettin's attack.
Really read the scroll of immolation?
As you read the scroll of immolation, it crumbles to dust.
The creatures around you are filled with an inner flame!
The hell knight points at you and mumbles some strange words.
The bolt of fire hits you!
* * * LOW HITPOINT WARNING * * *
The bolt of fire hits the wight!!
The wight explodes!
The fiery explosion engulfs the deep elf mage!!
Flame seeps out of the deep elf mage.
The deep elf mage is almost dead.
The fiery explosion engulfs you!!
You die...

.# #. ... #..
#.. #.?.
#..####+##..##
.............
.§§§☼....#
...#.##§z§...#
.....☼p@§§...#
...#.§§eC§......
#.####§☼...###
.. #.###.# # #.#
# #.. C#) # ..


You could see an ettin (inner flame), a hell knight (inner flame), a deep elf
mage (inner flame) and a wight (inner flame).

Vanquished Creatures
  Frances (D:12)
  Snorg (D:11)
  Josephine (D:13)
  A yaktaur captain (D:14)
  A death knight (D:13)
  A centaur warrior (D:14)
  6 two-headed ogres
  A tengu warrior (D:14)
  An ogre mage (D:15)
  A skeletal warrior (D:13)
  3 unseen horrors
  6 wizards (D:14)
  An orc knight (D:11)
  3 ugly things (D:14)
  2 cyclopes (D:11)
  A cyclops (shapeshifter) (D:14)
  A black mamba (shapeshifter) (D:14)
  Joseph (D:7)
  3 kobold demonologists (D:11)
  2 yaktaurs (D:14)
  A freezing wraith (D:13)
  3 trolls
  A wind drake (shapeshifter) (D:13)
  5 hippogriffs
  3 slime creatures (D:12)
  A meliai zombie (D:14)
  Sigmund (D:2)
  A spriggan (D:7)
  2 wyverns
  The ghost of Subbak the Ogre Mage, an amateur OgWz (D:3)
  2 vampires
  15 yaks
  A basilisk (D:13)
  7 wraiths
  Grum (D:8)
  2 vampire mosquitoes (D:13)
  2 hungry ghosts
  2 steam dragons
  4 wargs
  A soldier ant (D:14)
  An ice beast (D:14)
  7 orc warriors
  4 sky beasts
  A black bear (D:8)
  A necrophage (D:10)
  5 ogres
  4 phantoms
  11 centaurs
  4 wolves
  7 big kobolds
  20 bullfrogs
  A wyvern zombie (D:14)
  A gnoll sergeant (D:7)
  5 scorpions
  2 wyvern skeletons
  4 killer bees
  7 wights
  6 howler monkeys
  9 crimson imps
  7 bullfrog zombies (Ossuary)
  3 centaur zombies
  8 orc priests
  8 hounds
  6 jellies
  19 orc wizards
  A gnoll shaman (D:5)
  A bullfrog skeleton (D:11)
  7 centaur skeletons
  Jessica (D:2)
  5 iguanas
  4 worker ants
  Terence (D:2)
  A killer bee zombie (Ossuary)
  2 hound zombies (Ossuary)
  2 hound skeletons
  20 mummies
  2 worker ant zombies
  A howler monkey zombie (D:10)
  15 gnolls
  2 howler monkey skeletons
  17 adders
  3 shadow imps
  An adder skeleton (D:9)
  3 adder zombies
  A worm (D:2)
  2 dart slugs
  10 leopard geckos
  52 orcs
  4 bats
  4 giant cockroaches
  4 goblins
  12 hobgoblins
  6 jackals
  26 kobolds
  2 quokkas
  4 frilled lizards
  A giant cockroach zombie (Ossuary)
  A goblin zombie (D:4)
  A hobgoblin zombie (D:4)
  A jackal skeleton (D:5)
  A leopard gecko zombie (Ossuary)
  A quokka zombie (Ossuary)
  7 rats
474 creatures vanquished.

Vanquished Creatures (others)
  A wizard (D:14)
1 creature vanquished.

Grand Total: 475 creatures vanquished

Notes
Turn   | Place    | Note
-------+----------+-------------------------------------------
     0 | D:1      | FrozenTrovador the Minotaur Fighter began the quest for the
                  | Orb.
     0 | D:1      | Reached XP level 1. HP: 19/19 MP: 0/0
   307 | D:1      | Reached XP level 2. HP: 27/27 MP: 1/1
   797 | D:2      | Noticed Jessica
   803 | D:2      | Killed Jessica
   803 | D:2      | Reached XP level 3. HP: 18/33 MP: 2/2
  1030 | D:2      | Noticed Terence
  1042 | D:2      | Reached XP level 4. HP: 29/40 MP: 3/3
  1060 | D:2      | Killed Terence
  1475 | D:2      | Noticed Sigmund
  1481 | D:2      | Killed Sigmund
  1481 | D:2      | Reached skill level 5 in Armour
  1481 | D:2      | Reached skill level 1 in Dodging
  1481 | D:2      | Reached skill level 5 in Shields
  1481 | D:2      | Reached XP level 5. HP: 42/46 MP: 4/4
  1710 | D:3      | Reached XP level 6. HP: 52/52 MP: 5/5
  1734 | D:3      | Noticed Subbak's ghost (amateur OgWz)
  1735 | D:3      | Found a runed translucent door.
  2167 | D:3      | Killed Subbak's ghost
  2457 | D:4      | Reached XP level 7. HP: 34/60 MP: 6/6
  2488 | D:4      | Found a sand-covered staircase.
  2548 | Ossuary  | Entered an ossuary
  2577 | Ossuary  | Reached skill level 5 in Fighting
  2591 | Ossuary  | Reached skill level 5 in Unarmed Combat
  2791 | Ossuary  | Upgraded the game from 0.25-a0-492-g44cc58d149 to
                  | 0.25-a0-502-g6516661a7a
  2896 | Ossuary  | Reached XP level 8. HP: 57/70 MP: 7/7
  3245 | D:4      | Found a burning altar of Makhleb.
  3416 | D:4      | Found a basalt altar of Yredelemnul.
  3417 | D:4      | Found a hide-covered altar of Uskayaw.
  3417 | D:4      | Found a snail-covered altar of Cheibriados.
  3599 | D:4      | Found a sparkling altar of Nemelex Xobeh.
  3600 | D:4      | Found an opulent altar of Gozag.
  3840 | D:5      | Entered Level 5 of the Dungeon
  4022 | D:5      | Found a staircase to the Ecumenical Temple.
  4031 | Temple   | Entered the Ecumenical Temple
  4286 | D:5      | Found a stormy altar of Qazlal.
  4286 | D:5      | Found an ancient bone altar of Kikubaaqudgha.
  4292 | D:5      | Found an ornate altar of the Wu Jian Council.
  4292 | D:5      | Found a shimmering blue altar of Sif Muna.
  4294 | D:5      | Found a glowing golden altar of the Shining One.
  4297 | D:5      | Found a bloodstained altar of Trog.
  4300 | D:5      | Became a worshipper of the Wu Jian Council
  4386 | D:5      | Noticed Gruesome's ghost (novice OpAs)
  4390 | D:5      | Found a transporter.
  4449 | D:5      | Found a transporter.
  4889 | D:6      | Found Ataqub's General Store.
  4895 | D:6      | Reached XP level 9. HP: 66/78 MP: 8/8
  4917 | D:5      | Gained mutation: You tend to lose your temper in combat.
                  | [potion of mutation]
  4917 | D:5      | Gained mutation: You have large cloven feet. [potion of
                  | mutation]
  4917 | D:5      | Gained mutation: You are resistant to hostile enchantments.
                  | (MR+) [potion of mutation]
  5249 | D:6      | Reached skill level 1 in Stealth
  5301 | D:6      | Reached * piety under Wu Jian
  5349 | D:6      | Found a snail-covered altar of Cheibriados.
  5858 | D:6      | Reached skill level 10 in Shields
  6408 | D:7      | Got a transparent emerald amulet
  6463 | D:7      | Found a transporter.
  6463 | D:7      | Found a transporter.
  6463 | D:7      | Noticed Linuka's ghost (novice OpAs)
  6507 | D:7      | Reached ** piety under Wu Jian
  6532 | D:7      | Identified the amulet of Naczezi {Spirit Int+4 Slay+2} (You
                  | found it on level 7 of the Dungeon)
  6680 | D:7      | Found a shadowy altar of Dithmenos.
  6747 | D:7      | Noticed Joseph
  6754 | D:7      | Killed Joseph
  6754 | D:7      | Reached XP level 10. HP: 63/88 MP: 7/9
  6985 | D:8      | Noticed Grum
  7006 | D:8      | Killed Grum
  7032 | D:8      | Reached *** piety under Wu Jian
  7037 | D:8      | Reached skill level 1 in Throwing
  7234 | D:8      | Found a staircase to the Lair.
  7298 | D:8      | Reached skill level 10 in Unarmed Combat
  7428 | D:8      | Found Xamevuna's Antique Armour Shop.
  7431 | D:8      | Found a shadowy altar of Dithmenos.
  7434 | D:8      | Bought a pair of runed boots for 217 gold pieces
  7485 | D:8      | Noticed a two-headed ogre
  7522 | D:8      | Killed a two-headed ogre
  8034 | D:8      | Found a radiant altar of Vehumet.
  8309 | D:9      | Reached XP level 11. HP: 97/97 MP: 10/10
  8349 | D:9      | Reached **** piety under Wu Jian
  8762 | D:9      | Killed an unseen horror
  9169 | D:10     | Entered Level 10 of the Dungeon
  9293 | D:10     | Noticed a two-headed ogre
  9299 | D:10     | Killed a two-headed ogre
  9490 | D:10     | Noticed a two-headed ogre
  9499 | D:10     | Killed a two-headed ogre
  9783 | D:10     | Found Syusteax's Antique Weapon Shop.
 10349 | D:11     | Noticed a two-headed ogre
 10379 | D:11     | Killed an unseen horror
 10421 | D:11     | Killed a two-headed ogre
 10795 | D:11     | Noticed Snorg
 10823 | D:11     | Killed Snorg
 10823 | D:11     | Reached skill level 10 in Fighting
 11201 | D:11     | Noticed a soul eater
 11208 | D:11     | Reached ***** piety under Wu Jian
 11302 | D:11     | Noticed an orc knight
 11306 | D:11     | Reached XP level 12. HP: 106/106 MP: 11/11
 11483 | D:11     | Identified the +11 hand axe "Jellybane" {speed, Int+3}
 11673 | D:11     | Found a staircase to the Orcish Mines.
 12449 | D:12     | You fall into a shaft and drop 2 floors!
 12451 | D:14     | Noticed a two-headed ogre
 12761 | D:13     | Noticed Josephine
 12766 | D:13     | Killed Josephine
 12774 | D:13     | Reached skill level 10 in Armour
 13040 | D:13     | Noticed a death knight
 13081 | D:13     | Killed a death knight
 13835 | D:12     | Noticed Frances
 13844 | D:12     | Killed Frances
 13844 | D:12     | Reached XP level 13. HP: 65/116 MP: 6/12
 14211 | D:12     | Upgraded the game from 0.25-a0-502-g6516661a7a to
                  | 0.25-a0-505-gae4569222e
 14455 | D:14     | Reached ****** piety under Wu Jian
 15365 | D:14     | Reached skill level 15 in Shields
 15369 | D:14     | Reached skill level 15 in Unarmed Combat
 15460 | D:14     | Found a blossoming altar of Fedhas.
 15852 | D:14     | Found a gate to the Vaults.
 15920 | D:15     | Entered Level 15 of the Dungeon
 15925 | D:15     | Noticed an ettin
 16080 | D:15     | Killed from afar by a wight

Levels and vault maps discovered:
D:1:      dpeg_arrival_round_a, layout_basic, minmay_pentomino_p2
D:2:      layout_basic, kennysheep_generic_room_4, uniq_jessica, uniq_sigmund,
          uniq_terence
D:3:      layout_loops_ring, hellmonk_ghost_happy_afterlife, first_ration
D:4:      layout_basic, grunt_temple_overflow_opulence,
          gammafunk_temple_overflow_forgotten, nicolae_ossuary_entry_giza,
          makhleb_heckhound_becter
D:5:      layout_cave_pods, minitemple, minmay_temple_entry_junction,
          gammafunk_ghost_hive
D:6:      layout_basic, serial_shops, nicolae_shop_stone, kennysheep_slug_shrine
D:7:      layout_basic, basic_altar, gammafunk_ghost_hive, the_bakery,
          uniq_joseph
D:8:      layout_basic, nicolae_overflow_hidden_temple,
          erik_lair_orcish_takeover, serial_shops,
          nicolae_shop_temple_entry_statues_fountains, basic_altar, uniq_grum
D:9:      layout_gridville
D:10:     layout_layer_cave, serial_shops, shop
D:11:     layout_stronghold, erik_orc_3, gauntlet_entry_generic,
          minmay_checkerbox, uniq_snorg
D:12:     layout_roguey, serial_glass, glass_columns_a, glass_columns_b,
          enter_bailey_2, uniq_frances
D:13:     layout_roguey, uniq_josephine
D:14:     minmay_wizard_corner, layout_gridville, david_vaults_2,
          fedhas_altar_fruit_tree
D:15:     hangedman_depths_entry_civil_slaughter, layout_loops_corners,
          serial_shops, shop_statue, grunt_decor_arrowhead, st_stairs_9
Temple:   nicolae_temple_figure_zero

Skill      XL: |  1  2  3  4  5  6  7  8  9 10 11 12 13 |
---------------+----------------------------------------+-----
Armour         | 4 5 6 7 8 9 10 11 | 11.2
Shields        | 4 5 7 8 10 12 13 14 15 | 15.3
Fighting       | 4 5 6 8 9 10 11 12 | 12.1
Unarmed Combat | 3 4 6 7 9 10 12 14 15 | 15.3
Dodging        | 1 |  1.3
Stealth        | 1 |  1.8
Throwing       | 1 |  1.2

Action                   |  1- 3 |  4- 6 |  7- 9 | 10-12 | 13-15 || total
-------------------------+-------+-------+-------+-------+-------++-------
Melee: Unarmed           |    62 |    77 |   482 |   648 |   210 ||  1479
       Headbutt          |    14 |    17 |   106 |   149 |    34 ||   320
Throw: Dart              |       |       |       |     6 |       ||     6
Invok: Lunge             |       |       |    23 |    45 |    16 ||    84
       Whirlwind         |       |       |    16 |   104 |    29 ||   149
       Serpent's Lash    |       |       |       |     2 |       ||     2
       Heavenly Storm    |       |       |       |       |     1 ||     1
  Use: Potion            |       |     1 |     4 |       |     2 ||     7
       Scroll            |       |       |    13 |     4 |     5 ||    22
 Stab: Fleeing           |       |       |       |       |     1 ||     1
  Eat: Chunk             |       |     5 |    31 |     6 |     5 ||    47
       Ration            |       |       |       |     3 |     1 ||     4
Armor: Scale mail        |    20 |    30 |   145 |    58 |       ||   253
       Chain mail        |       |       |       |    98 |     3 ||   101
       Plate armour      |       |       |       |       |    68 ||    68
Dodge: Dodged            |    20 |    22 |   143 |    88 |    38 ||   311
Block: Kite shield       |    38 |    36 |   300 |   306 |   114 ||   794

Table legend:
 A = Non-vault XP
 B = Vault XP
 C = Vault XP percentage of total XP
 D = Non-vault monster count
 E = Vault monster count
 F = Vault count percentage of total count
                 A         B        C        D         E       F
            +---------+---------+-------+---------+---------+-------
      Total |   36922 |   18262 |  33.1 |     369 |     106 |  22.3
            +---------+---------+-------+---------+---------+-------
        D:1 |      18 |       3 |  14.3 |      10 |       2 |  16.7
        D:2 |      55 |     292 |  84.1 |      16 |       3 |  15.8
        D:3 |      51 |     210 |  80.5 |      15 |       1 |   6.2
        D:4 |     509 |      62 |  10.9 |      20 |       4 |  16.7
        D:5 |     693 |       0 |   0.0 |      34 |       0 |   0.0
        D:6 |    1276 |       4 |   0.3 |      30 |       1 |   3.2
        D:7 |    1280 |     760 |  37.3 |      32 |       3 |   8.6
        D:8 |    2669 |    1229 |  31.5 |      28 |      14 |  33.3
        D:9 |    2475 |       0 |   0.0 |      26 |       0 |   0.0
       D:10 |    2984 |       0 |   0.0 |      21 |       0 |   0.0
       D:11 |    6310 |    2727 |  30.2 |      28 |      25 |  47.2
       D:12 |    3917 |    2130 |  35.2 |      28 |       1 |   3.4
       D:13 |    7073 |    1660 |  19.0 |      33 |       4 |  10.8
       D:14 |    7446 |    6502 |  46.6 |      45 |      11 |  19.6
       D:15 |     166 |    1786 |  91.5 |       3 |       2 |  40.0
    Ossuary |       0 |     897 | 100.0 |       0 |      35 | 100.0
            +---------+---------+-------+---------+---------+-------
